ORI
UNIVERSITY OF VIRGINIA CAVALIERS @ UNIVERSITY OF MIAMI HURRICANES
12/05/2046
 
TOP OF THE 1ST
University of Virginia Cavaliers batting - Pitching for University of Miami Hurricanes : RHP Artemio Santiago
Pitching: RHP Artemio Santiago
Batting: RHB Alex Ruschin 0-0: Foul Ball, location: 2F
0-1: Called Strike
0-2: Fly out, F8 (Flyball, 8LD, EV 106.2 MPH)
Batting: LHB Ray Nichter 0-0: Foul Ball, location: 2F
0-1: Swinging Strike
0-2: Foul Ball, location: 2F
0-2: Ball
1-2: Ball
2-2: Strikes out swinging
Batting: RHB Luke Bertrand 0-0: Foul Ball, location: 2F
0-1: Ground out 5-3 (Groundball, 5, EV 81.9 MPH)
Top of the 1st over - 0 runs, 0 hits, 0 errors, 0 left on base; University of Virginia 0 - University of Miami 0
BOTTOM OF THE 1ST
University of Miami Hurricanes batting - Pitching for University of Virginia Cavaliers : LHP Dylan Avery
Pitching: LHP Dylan Avery
Batting: LHB Juan Zuniga 0-0: Ball
1-0: DOUBLE (Groundball, 5L, EV 108.8 MPH)
Batting: LHB Jose Lopez 0-0: Called Strike
0-1: Ball
1-1: Fly out, F9 (Line Drive, 9, EV 98.1 MPH)
Batting: RHB Luis Sanchez 0-0: Called Strike
0-1: Ball
1-1: Swinging Strike
1-2: Ground out 6-3 (Groundball, 6, EV 106.9 MPH)
Batting: SHB Taylor Shelton 0-0: Ball
1-0: Foul Ball, location: 2F
1-1: Ball
2-1: Foul Ball, location: 2F
2-2: Ground out 6-3 (Groundball, 6, EV 87.5 MPH)
Bottom of the 1st over - 0 runs, 1 hit, 0 errors, 1 left on base; University of Virginia 0 - University of Miami 0
TOP OF THE 2ND
University of Virginia Cavaliers batting - Pitching for University of Miami Hurricanes : RHP Artemio Santiago
Batting: LHB Josh Glass 0-0: Ball
1-0: SINGLE (Line Drive, 78S, EV 106.2 MPH)
Batting: RHB Rob Coble 0-0: Ball
1-0: Swinging Strike
1-1: Ball
2-1: Ball
3-1: Foul Ball, location: 2F
3-2: Grounds into double play, 1-4-3 (Groundball, P, EV 65.0 MPH)
Batting: RHB Rob Price 0-0: SINGLE (Line Drive, 6D, EV 95.6 MPH)
Batting: RHB Allen McCaskill 0-0: Ball
1-0: Reached on error, E6 (Groundball, 4M, EV 103.1 MPH)
Rob Price to second
Batting: LHB Eddie Vidalez 0-0: Foul Ball, location: 2F
0-1: Called Strike
0-2: Foul Ball, location: 2F
0-2: Strikes out swinging
Top of the 2nd over - 0 runs, 2 hits, 1 error, 2 left on base; University of Virginia 0 - University of Miami 0
BOTTOM OF THE 2ND
University of Miami Hurricanes batting - Pitching for University of Virginia Cavaliers : LHP Dylan Avery
Batting: LHB Dennis Jones 0-0: Called Strike
0-1: Ball
1-1: Fly out, F8 (Flyball, 8LXD, EV 98.8 MPH)
Batting: RHB C.J. Fleet 0-0: Called Strike
0-1: Foul Ball, location: 2F
0-2: Strikes out looking
Batting: RHB Sam Costello 0-0: Called Strike
0-1: Swinging Strike
0-2: Ground out 6-3 (Groundball, 6, EV 86.9 MPH)
Bottom of the 2nd over - 0 runs, 0 hits, 0 errors, 0 left on base; University of Virginia 0 - University of Miami 0
TOP OF THE 3RD
University of Virginia Cavaliers batting - Pitching for University of Miami Hurricanes : RHP Artemio Santiago
Batting: SHB Ethan Lewis 0-0: Called Strike
0-1: Foul Ball, location: 2F
0-2: Ball
1-2: Strikes out looking
Batting: RHB Alex Ruschin 0-0: Called Strike
0-1: Ball
1-1: Ground out 6-3 (Groundball, 6M, EV 85.0 MPH)
Batting: LHB Ray Nichter 0-0: Foul Ball, location: 2F
0-1: Reached on error, E3 (Groundball, 3, EV 88.8 MPH)
Batting: RHB Luke Bertrand 0-0: Ball
1-0: Ball
Ray Nichter is caught stealing 2nd base 2-4
Top of the 3rd over - 0 runs, 0 hits, 1 error, 0 left on base; University of Virginia 0 - University of Miami 0
BOTTOM OF THE 3RD
University of Miami Hurricanes batting - Pitching for University of Virginia Cavaliers : LHP Dylan Avery
Batting: LHB Addergoole Kartosuwiryo 0-0: Ball
1-0: Ball
2-0: Ball
3-0: Called Strike
3-1: Foul Ball, location: 2F
3-2: Foul Ball, location: 2F
3-2: Foul Ball, location: 2F
3-2: Fly out, F8 (Flyball, 8LM, EV 93.1 MPH)
Batting: RHB Drew Morgenstern 0-0: Called Strike
0-1: Fly out, F8 (Flyball, 8RM, EV 92.5 MPH)
Batting: LHB Juan Zuniga 0-0: Called Strike
0-1: Foul Ball, location: 2F
0-2: Ball
1-2: Foul Ball, location: 2F
1-2: DOUBLE (Groundball, 3L, EV 105.6 MPH)
Batting: LHB Jose Lopez 0-0: Ball
1-0: Foul Ball, location: 2F
1-1: Ball
2-1: Foul Ball, location: 2F
2-2: Ball
Wild Pitch!
Juan Zuniga to third
3-2: SINGLE (Line Drive, 8RS, EV 103.8 MPH)
Juan Zuniga scores
Batting: RHB Luis Sanchez 0-0: Ball
1-0: Called Strike
1-1: Called Strike
1-2: Fly out, F9 (Line Drive, 89M, EV 99.4 MPH)
Bottom of the 3rd over - 1 run, 2 hits, 0 errors, 1 left on base; University of Virginia 0 - University of Miami 1
TOP OF THE 4TH
University of Virginia Cavaliers batting - Pitching for University of Miami Hurricanes : RHP Artemio Santiago
Batting: RHB Luke Bertrand 0-0: Foul Ball, location: 2F
0-1: Ball
1-1: Foul Ball, location: 2F
1-2: Fly out, F7 (Line Drive, 78M, EV 95.0 MPH)
Batting: LHB Josh Glass 0-0: Ball
1-0: Ball
2-0: Ball
3-0: Base on Balls
Batting: RHB Rob Coble 0-0: Ball
1-0: Swinging Strike
1-1: Foul Ball, location: 2F
1-2: Fly out, F7 (Flyball, 7LSF, EV 83.1 MPH)
Batting: RHB Rob Price 0-0: Ball
1-0: Reached on error, E5 (Groundball, 56, EV 83.8 MPH)
Josh Glass to second
Batting: RHB Allen McCaskill 0-0: Ball
1-0: Foul Ball, location: 2F
1-1: Foul Ball, location: 2F
1-2: Ball
2-2: Strikes out looking
Top of the 4th over - 0 runs, 0 hits, 1 error, 2 left on base; University of Virginia 0 - University of Miami 1
BOTTOM OF THE 4TH
University of Miami Hurricanes batting - Pitching for University of Virginia Cavaliers : LHP Dylan Avery
Batting: SHB Taylor Shelton 0-0: Called Strike
0-1: Called Strike
0-2: Foul Ball, location: 2F
0-2: Ball
1-2: Ball
2-2: Foul Ball, location: 2F
2-2: Ball
3-2: Fly out, F8 (Flyball, 8RXD, EV 92.5 MPH)
Batting: LHB Dennis Jones 0-0: Foul Ball, location: 2F
0-1: Ball
1-1: Ball
2-1: Foul Ball, location: 2F
2-2: Foul Ball, location: 2F
2-2: Ball
3-2: Reached on error, E6 (Groundball, 6, EV 76.2 MPH)
Batting: RHB C.J. Fleet 0-0: Ball
1-0: Foul Ball, location: 2F
1-1: SINGLE (Groundball, 6MD, EV 93.8 MPH)
Dennis Jones to third
Batting: RHB Sam Costello Squeeze bunt is on, Dennis Jones is out
0-1: Foul Ball, location: 2F
0-2: Fly out, F9 (Flyball, 89S, EV 91.9 MPH)
Bottom of the 4th over - 0 runs, 1 hit, 1 error, 1 left on base; University of Virginia 0 - University of Miami 1
TOP OF THE 5TH
University of Virginia Cavaliers batting - Pitching for University of Miami Hurricanes : RHP Artemio Santiago
Batting: LHB Eddie Vidalez 0-0: Foul Ball, location: 2F
0-1: Ball
1-1: Ball
2-1: Ball
3-1: Called Strike
3-2: Foul Ball, location: 2F
3-2: Ground out 5-3 (Groundball, 56, EV 90.0 MPH)
Batting: SHB Ethan Lewis 0-0: Ball
1-0: Called Strike
1-1: Ball
2-1: Foul Ball, location: 2F
2-2: Foul Ball, location: 2F
2-2: Strikes out swinging
Batting: RHB Alex Ruschin 0-0: Called Strike
0-1: Fly out, F8 (Flyball, 78D, EV 78.1 MPH)
Top of the 5th over - 0 runs, 0 hits, 0 errors, 0 left on base; University of Virginia 0 - University of Miami 1
BOTTOM OF THE 5TH
University of Miami Hurricanes batting - Pitching for University of Virginia Cavaliers : LHP Dylan Avery
Batting: LHB Addergoole Kartosuwiryo 0-0: Ball
1-0: Ball
2-0: Ball
3-0: Called Strike
3-1: Swinging Strike
3-2: SOLO HOME RUN (Flyball, 9D, EV 96.2 MPH), Distance : 368 ft
Pitching: RHP Joe Miller
Batting: RHB Drew Morgenstern 0-0: Ball
1-0: Called Strike
1-1: Fly out, F9 (Flyball, 9LS, EV 88.1 MPH)
Batting: LHB Juan Zuniga 0-0: Ball
1-0: Ball
2-0: Foul Ball, location: 2F
2-1: Ball
3-1: Swinging Strike
3-2: Foul Ball, location: 2F
3-2: Base on Balls
Batting: LHB Jose Lopez 0-0: Foul Ball, location: 2F
0-1: Foul Ball, location: 2F
0-2: Fly out, F7 (Flyball, 78S, EV 88.1 MPH)
Batting: RHB Luis Sanchez Pickoff Throw to First - Out! 1-3 CS
Bottom of the 5th over - 1 run, 1 hit, 0 errors, 0 left on base; University of Virginia 0 - University of Miami 2
TOP OF THE 6TH
University of Virginia Cavaliers batting - Pitching for University of Miami Hurricanes : RHP Artemio Santiago
Batting: LHB Ray Nichter 0-0: Called Strike
0-1: Called Strike
0-2: Strikes out swinging
Batting: RHB Luke Bertrand 0-0: Foul Ball, location: 2F
0-1: Ground out 1-3 (Groundball, 15, EV 70.6 MPH)
Batting: LHB Josh Glass 0-0: Called Strike
0-1: Ball
1-1: Foul Ball, location: 2F
1-2: Ball
2-2: Foul Ball, location: 2F
2-2: Foul Ball, location: 2F
2-2: Ball
3-2: Fly out, F7 (Flyball, 7D, EV 92.5 MPH)
Top of the 6th over - 0 runs, 0 hits, 0 errors, 0 left on base; University of Virginia 0 - University of Miami 2
BOTTOM OF THE 6TH
University of Miami Hurricanes batting - Pitching for University of Virginia Cavaliers : RHP Joe Miller
Batting: RHB Luis Sanchez 0-0: Called Strike
0-1: Called Strike
0-2: Ball
1-2: Foul Ball, location: 2F
1-2: DOUBLE (Flyball, 78XD, EV 106.2 MPH)
Batting: SHB Taylor Shelton 0-0: Ball
1-0: Ball
2-0: Ball
3-0: Base on Balls
Batting: LHB Dennis Jones 0-0: Ball
1-0: Foul Ball, location: 2F
1-1: Ball
2-1: Fielders Choice at 2nd, 4-6 (Groundball, 4, EV 98.1 MPH)
Luis Sanchez to third
Batting: RHB C.J. Fleet 0-0: Called Strike
Dennis Jones steals 2nd base
0-1: Ball
1-1: Called Strike
1-2: Ball
2-2: SINGLE (Groundball, 4MD, EV 101.9 MPH)
Luis Sanchez scores
Dennis Jones to third
Runner from 3rd tries for Home, throw by CF and OUT! 8-2
Batting: RHB Sam Costello 0-0: Reached on error, E6 (Groundball, 6, EV 85.6 MPH)
C.J. Fleet to second
Batting: LHB Addergoole Kartosuwiryo 0-0: Foul Ball, location: 2F
0-1: Called Strike
0-2: Strikes out looking
Bottom of the 6th over - 1 run, 2 hits, 1 error, 2 left on base; University of Virginia 0 - University of Miami 3
TOP OF THE 7TH
University of Virginia Cavaliers batting - Pitching for University of Miami Hurricanes : RHP Artemio Santiago
Pitching: RHP Ernie Zepeda
Batting: RHB Rob Coble 0-0: Called Strike
0-1: Called Strike
0-2: Ball
1-2: Ball
2-2: Foul Ball, location: 2F
2-2: SINGLE (Groundball, 6, EV 98.8 MPH)
Batting: RHB Rob Price 0-0: Bunted foul
0-1: Sac Bunt to 13S - play at first, batter OUT! 1-3
Rob Coble to second
Batting: RHB Allen McCaskill 0-0: Ball
1-0: Foul Ball, location: 2F
1-1: Ball
2-1: Called Strike
2-2: Strikes out swinging
Batting: LHB Eddie Vidalez 0-0: Ball
1-0: Called Strike
1-1: Swinging Strike
1-2: Ball
2-2: Strikes out swinging
Top of the 7th over - 0 runs, 1 hit, 0 errors, 1 left on base; University of Virginia 0 - University of Miami 3
BOTTOM OF THE 7TH
University of Miami Hurricanes batting - Pitching for University of Virginia Cavaliers : RHP Joe Miller
Pitching: LHP Justin Frost
Batting: RHB Drew Morgenstern 0-0: Ball
1-0: Called Strike
1-1: Ball
2-1: Swinging Strike
2-2: Foul Ball, location: 2F
2-2: Ground out 6-3 (Groundball, 6M, EV 89.4 MPH)
Batting: LHB Juan Zuniga 0-0: Called Strike
0-1: Ball
1-1: Fly out, F7 (Line Drive, 7, EV 96.2 MPH)
Batting: LHB Jose Lopez 0-0: Called Strike
0-1: Foul Ball, location: 2F
0-2: Ball
1-2: Ball
2-2: Foul Ball, location: 2F
2-2: SINGLE (Groundball, 4MS, EV 86.9 MPH) (infield hit)
Batting: RHB Luis Sanchez 0-0: Called Strike
0-1: Ball
1-1: Ball
2-1: Ball
3-1: Base on Balls
Jose Lopez to second
Batting: SHB Taylor Shelton 0-0: Called Strike
0-1: SINGLE (Line Drive, 7S, EV 96.9 MPH)
Jose Lopez to third
Luis Sanchez to second
Batting: LHB Dennis Jones 0-0: Called Strike
0-1: Foul Ball, location: 2F
0-2: Foul Ball, location: 2F
0-2: Foul Ball, location: 2F
0-2: Foul Ball, location: 2F
0-2: Foul Ball, location: 2F
0-2: Foul Ball, location: 2F
0-2: Foul Ball, location: 2F
0-2: Hit by Pitch
Jose Lopez scores
Luis Sanchez to third
Taylor Shelton to second
Pitching: RHP Andy Cruz
Batting: RHB C.J. Fleet 0-0: Ball
1-0: Fielders Choice at 2nd, 6-4 (Groundball, 6, EV 89.4 MPH)
Bottom of the 7th over - 1 run, 2 hits, 0 errors, 3 left on base; University of Virginia 0 - University of Miami 4
TOP OF THE 8TH
University of Virginia Cavaliers batting - Pitching for University of Miami Hurricanes : RHP Ernie Zepeda
Pitching: RHP Terry Johnson
Batting: SHB Ethan Lewis 0-0: Ball
1-0: Swinging Strike
1-1: Foul Ball, location: 2F
1-2: SINGLE (Line Drive, 9LS, EV 106.2 MPH)
Pinch Hitting: RHB Leo Baxter 0-0: Foul Ball, location: 2F
0-1: Ball
1-1: Ball
2-1: Swinging Strike
2-2: Foul Ball, location: 2F
2-2: Strikes out looking
Batting: LHB Ray Nichter 0-0: Ball
1-0: Ball
2-0: Called Strike
2-1: Ball
3-1: Base on Balls
Ethan Lewis to second
Batting: RHB Luke Bertrand 0-0: Ball
1-0: Called Strike
1-1: Ball
2-1: Fielders Choice at 2nd, 4-6 (Groundball, 4, EV 108.1 MPH)
Ethan Lewis to third
Batting: LHB Josh Glass 0-0: Swinging Strike
0-1: Foul Ball, location: 2F
0-2: Foul Ball, location: 2F
0-2: Ball
1-2: Ball
2-2: Ball
3-2: Fly out, F8 (Line Drive, 8RD, EV 87.5 MPH)
Top of the 8th over - 0 runs, 1 hit, 0 errors, 2 left on base; University of Virginia 0 - University of Miami 4
BOTTOM OF THE 8TH
University of Miami Hurricanes batting - Pitching for University of Virginia Cavaliers : RHP Andy Cruz
Now at 2B: Jason Thresher
Batting: RHB Sam Costello 0-0: Swinging Strike
0-1: Ball
1-1: Swinging Strike
1-2: Strikes out swinging
Batting: LHB Addergoole Kartosuwiryo 0-0: Ball
1-0: Swinging Strike
1-1: Ball
2-1: Foul Ball, location: 2F
2-2: Strikes out looking
Batting: RHB Drew Morgenstern 0-0: Foul Ball, location: 2F
0-1: Foul Ball, location: 2F
0-2: Strikes out looking
Bottom of the 8th over - 0 runs, 0 hits, 0 errors, 0 left on base; University of Virginia 0 - University of Miami 4
TOP OF THE 9TH
University of Virginia Cavaliers batting - Pitching for University of Miami Hurricanes : RHP Terry Johnson
Pitching: LHP Bill MacDermid
Batting: RHB Rob Coble 0-0: Ball
1-0: SOLO HOME RUN (Flyball, 7LD, EV 91.2 MPH), Distance : 347 ft
Batting: RHB Rob Price 0-0: Ball
1-0: Swinging Strike
1-1: Swinging Strike
1-2: SINGLE (Line Drive, 8RS, EV 107.5 MPH)
Batting: RHB Allen McCaskill 0-0: Called Strike
0-1: Ball
1-1: SINGLE (Groundball, 34D, EV 100.6 MPH)
Rob Price to second
Pitching: RHP Matt Pepin
Batting: LHB Eddie Vidalez 0-0: Called Strike
0-1: SINGLE (Groundball, P, EV 85.6 MPH) (infield hit)
Rob Price to third
Allen McCaskill to second
Batting: SHB Ethan Lewis 0-0: Fly out, F9 (Line Drive, 89M, EV 88.8 MPH)
Batting: RHB Jason Thresher 0-0: Grounds into double play, 6-4-3 (Groundball, 6, EV 79.4 MPH)
Top of the 9th over - 1 run, 4 hits, 0 errors, 2 left on base; University of Virginia 1 - University of Miami 4
Tuesday, September 13th , 2022 - OOTP Baseball 23.7 Build 88